 Dungeon Crawl Stone Soup version 0.27-a0-679-g77a6b55cf3 (webtiles) character file.

Game seed: 3025278258739207431

2308 Alarak the Fighter (level 9, -1/83 HPs)
             Began as a Hill Orc Fighter on Mar 18, 2021.
             Was a Believer of Beogh.
             Killed from afar by an orc (2 damage)
             ... with a puff of flame
             ... on level 8 of the Dungeon.
             The game lasted 00:27:41 (9246 turns).

Alarak the Fighter (Hill Orc Fighter)               Turns: 9246, Time: 00:27:46

Health: -1/83      AC: 10    Str: 22    XL:     9   Next: 41%
Magic:  13/14      EV:  8    Int:  8    God:    Beogh [**....]
Gold:   542        SH:  0    Dex: 10    Spells: 8/8 levels left

rFire    . . .     SeeInvis .   e - +9 war axe of Soots {vorpal, Stlth+}
rCold    + . .     Faith    .   c - +1 kite shield
rNeg     . . .     Spirit   .   b - +0 scale mail
rPois    +         Reflect  .   (no helmet)
rElec    .         Harm     .   w - +0 cloak
rCorr    .         Rampage  .   x - +0 pair of gloves
Will     .....                  (no boots)
Stlth    ..........             (no amulet)
HPRegen  0.23/turn              f - ring of poison resistance
MPRegen  0.14/turn              p - ring of protection from cold

@: confused, attractive, slowed, very slow
A: no striking features
a: Renounce Religion, Smiting


You were on level 8 of the Dungeon.
You worshipped Beogh.
Beogh was pleased with you.
You visited 1 branch of the dungeon, and saw 8 of its levels.

You collected 1262 gold pieces.
You spent 720 gold pieces at shops.

Inventory:

Hand Weapons
 a - a +1 war axe
 e - the +9 war axe of Soots (weapon) {vorpal, Stlth+}
   (You bought it in a shop on level 6 of the Dungeon)

   It inflicts extra damage upon your enemies.
   It makes you more stealthy.
 l - a +4 whip of venom
 v - a +3 dire flail
Armour
 b - a +0 scale mail (worn)
 c - a +1 kite shield (worn)
 w - a +0 cloak (worn)
 x - a +0 pair of gloves (worn)
Jewellery
 f - a ring of poison resistance (right hand)
 p - a ring of protection from cold (left hand)
Wands
 k - a wand of random effects (11)
 m - a wand of iceblast (4)
Scrolls
 g - 3 scrolls of summoning
 o - 6 scrolls of identify
 t - a scroll of vulnerability
 u - a scroll of teleportation
Potions
 d - 2 potions of might
 h - a potion of invisibility {unknown}
 i - 2 potions of degeneration {unknown}
 n - 3 potions of attraction
 q - a potion of haste {unknown}
 s - a potion of curing {unknown}
 z - a potion of magic {unknown}


   Skills:
 - Level 9.1 Fighting
 - Level 6.0 Axes
 - Level 7.0 Armour
 - Level 6.1 Shields
 + Level 7.1 Invocations


You had 8 spell levels left.
You didn't know any spells.
Your spell library contained the following spells:

 Spells                   Type           Power      Damage    Failure   Level
 Magic Dart               Conj           0%         1d3       97%         1
 Blink                    Tloc           N/A        N/A       99%         2
 Call Imp                 Summ           0%         N/A       99%         2
 Slow                     Hex            0%         N/A       99%         2
 Conjure Flame            Conj/Fire      0%         6-21      100%        3
 Mephitic Cloud           Conj/Pois/Air  0%         N/A       100%        3


Dungeon Overview and Level Annotations

Branches:
Dungeon (8/15)             Temple (0/1) D:4
   Lair: D:8-11

Altars:
Dithmenos
Elyvilon
Fedhas
Makhleb
Nemelex Xobeh
Vehumet

Shops:
D:6 **![

Annotations:
D:6 3 runed translucent doors, ThereIsNoGod's ghost, novice OpFi


Message History

You are confused.
The gnoll throws a stone.
The stone hits you.
You feel sick.
You feel as though you will be slow longer.
There are monsters nearby!
There are monsters nearby!
There are monsters nearby!
There are monsters nearby!
You feel less confused.
You feel sick.
The gnoll throws a stone.
The stone hits you but does no damage.
You closely miss something.
You hear some strange, mumbled words.
You are confused.
Something hits you! Something burns you.
The orc zaps a wand.
The puff of flame hits something!
You feel sick.
You are no longer poisoned.
The gnoll throws a stone.
The stone closely misses you. Something hits you.
* * * LOW HITPOINT WARNING * * *
Something burns you.
* * * LOW HITPOINT WARNING * * *
You hit the gnoll.
The gnoll is moderately wounded.
You closely miss something.
The orc zaps a wand.
The puff of flame hits something!
Reactivating autopickup.
You feel a bit more experienced. The gnoll barely misses you.
The orc zaps a wand.
The puff of flame hits you!
* * * LOW HITPOINT WARNING * * *
The gnoll hits you but does no damage.
Your Invocations skill gained 2 levels and is now at level 7!
Okay, then.
You are too confused!
It was a potion of attraction.
You feel attractive to monsters.
The orc zaps a wand.
The puff of flame hits you.
* * * LOW HITPOINT WARNING * * *
The gnoll barely misses you.
The orc zaps a wand.
The puff of flame hits you.
You die...
Beogh appreciates the orc's killing of a heretic priest.

.....B ###.##..........#
#.... #... #..........#
....
###.####..........## #..
#........####.#....#
.####..####......#.#
#.......#
......o).........#.#
#.......#
####.####.#o.....#.#
#......##
#.##.#..)...#.#
#......###
#.......g@....#
#.........
#.###.##.######
#......###
#......<>..............#
#####...#########......#
...................[...#
#################......#
#......# ########


You could see a gnoll and an orc.

Vanquished Creatures
  Grinder (D:5)
  A yak (D:8)
  An orc warrior (D:7)
  An ogre (D:7)
  2 centaurs
  2 bullfrogs
  A scorpion (D:3)
  5 wights (D:7)
  A howler monkey (D:3)
  A crimson imp (D:6)
  2 jellies
  A hound (D:5)
  4 orc priests
  2 bullfrog skeletons
  7 orc wizards
  6 worker ants
  3 gnolls
  6 adders
  2 white imps
  3 ufetubi
  An adder skeleton (D:4)
  4 worms
  3 dart slugs
  3 leopard geckos
  21 orcs
  2 ball pythons
  6 giant cockroaches
  5 goblins
  8 hobgoblins
  7 jackals
  A quokka (D:7)
  9 bats
  4 frilled lizards
  11 kobolds
  A leopard gecko skeleton (D:4)
  2 quokka skeletons
  7 rats
147 creatures vanquished.

Vanquished Creatures (others)
  Erica (D:8)
  An ogre (D:4)
  An orc wizard (D:8)
  A gnoll (D:4)
  A jackal (D:4)
5 creatures vanquished.

Grand Total: 152 creatures vanquished

Notes
Turn   | Place    | Note
-------+----------+-------------------------------------------
     0 | D:1      | Alarak the Hill Orc Fighter began the quest for the Orb.
     0 | D:1      | Reached XP level 1. HP: 19/19 MP: 1/1
   374 | D:1      | Reached XP level 2. HP: 26/26 MP: 2/2
  1090 | D:2      | Reached XP level 3. HP: 23/31 MP: 3/3
  1097 | D:2      | Reached skill level 5 in Axes
  1354 | D:2      | Reached XP level 4. HP: 39/39 MP: 4/4
  1366 | D:2      | Found a radiant altar of Vehumet.
  2058 | D:2      | Reached skill level 4 in Fighting
  2918 | D:3      | Reached XP level 5. HP: 47/47 MP: 5/5
  3405 | D:3      | Reached skill level 5 in Fighting
  3745 | D:3      | Reached skill level 6 in Fighting
  3745 | D:3      | Reached XP level 6. HP: 42/57 MP: 6/6
  3879 | D:4      | Became a worshipper of Beogh the Brigand
  4453 | D:4      | Reached skill level 7 in Fighting
  4761 | D:4      | Found a staircase to the Ecumenical Temple.
  5104 | D:5      | Entered Level 5 of the Dungeon
  5310 | D:5      | Reached XP level 7. HP: 54/66 MP: 7/7
  5458 | D:5      | Noticed Grinder
  5475 | D:5      | Killed Grinder
  5476 | D:5      | Reached skill level 5 in Armour
  6070 | D:6      | Found a sparkling altar of Nemelex Xobeh.
  6105 | D:6      | Reached * piety under Beogh
  6315 | D:6      | Found Yvohitass's Antique Armour Shop.
  6350 | D:6      | Reached XP level 8. HP: 59/73 MP: 8/8
  6473 | D:6      | Found Qanaler's Assorted Antiques.
  6558 | D:6      | Found a runed translucent gate.
  6558 | D:6      | Found a runed translucent gate.
  6560 | D:6      | Found a runed translucent gate.
  6577 | D:6      | Noticed ThereIsNoGod's ghost (novice OpFi)
  6588 | D:6      | Found Eproh's General Store.
  6726 | D:6      | Found Wakoon's Distillery.
  6765 | D:6      | Found a shadowy altar of Dithmenos.
  6804 | D:6      | Found a burning altar of Makhleb.
  7307 | D:7      | Reached skill level 5 in Shields
  7884 | D:5      | Identified the +1 short sword "Caative" {flame, rN++ Int-5
                  | SInv}
  8060 | D:7      | Reached skill level 8 in Fighting
  8065 | D:7      | Reached ** piety under Beogh
  8560 | D:7      | Reached skill level 9 in Fighting
  8586 | D:7      | Found a white marble altar of Elyvilon.
  8611 | D:7      | Reached XP level 9. HP: 55/83 MP: 8/10
  8832 | D:7      | Found a blossoming altar of Fedhas.
  9006 | D:7      | Identified a scroll of acquirement
  9006 | D:7      | Acquired 961 gold pieces
  9039 | D:6      | Bought the +9 war axe of Soots {vorpal, Stlth+} for 720
                  | gold pieces
  9226 | D:8      | Reached skill level 5 in Invocations
  9229 | D:8      | Noticed Erica
  9245 | D:8      | Killed Erica
  9245 | D:8      | HP: 4/83 [orc/puff of flame (12)]
  9246 | D:8      | HP: 1/83 [orc/puff of flame (4)]
  9246 | D:8      | Killed from afar by an orc

Illustrated notes

Levels and vault maps discovered:
D:1:      dpeg_arrival_tiny_a, layout_basic
D:2:      layout_basic, overflow_temple_1_default, st_stairs_6
D:3:      layout_loops_corners
D:4:      layout_rooms, minmay_temple_entry_proselytizer
D:5:      layout_loops_ring, minmay_strange_pillars, uniq_crazy_yiuf_cottage,
          uniq_grinder
D:6:      layout_loops_ring, makhleb_grotto_becter, lemuel_doored_altar,
          kennysheep_mini_moat, serial_shops, shop, shop_statue, shop,
          nicolae_shop_window_shopping, gammafunk_ghost_split
D:7:      layout_basic, nicolae_overflow_crystal_walls, basic_altar
D:8:      minmay_bloctagon, layout_basic, brannock_xom_greatest_gift,
          nicolae_overflow_hidden_temple, uniq_erica, uniq_harold

Skill      XL: |  1  2  3  4  5  6  7  8  9 |
---------------+----------------------------+-----
Axes           | 3 4 5 6 |  6.0
Fighting       | 4 6 7 9 |  9.1
Armour         | 4 7 |  7.0
Shields        | 6 |  6.1
Invocations    | 2 7 |  7.1

Action                   |  1- 3 |  4- 6 |  7- 9 || total
-------------------------+-------+-------+-------++-------
Melee: War axe           |    61 |   139 |    31 ||   231
       Whip              |       |    54 |   191 ||   245
Invok: Convert to Beogh  |       |     1 |       ||     1
       Smiting           |       |       |     1 ||     1
  Use: Scroll            |       |     6 |     6 ||    12
       Potion            |       |       |     1 ||     1
Armor: Scale mail        |    23 |    78 |    64 ||   165
Dodge: Dodged            |    17 |    68 |    46 ||   131
Block: Kite shield       |    37 |   103 |   108 ||   248

Table legend: (Time is in decaauts)
 A = Elapsed time spent in this place.
 B = Non-inter-level travel time spent in this place.
 C = Inter-level travel time spent in this place.
 D = Time resting spent in this place.
 E = Time spent auto-exploring this place.
 F = Levels seen in this place.
 G = Mean time per level.
                   A        B        C        D        E       F      G
               +--------+--------+--------+--------+--------+-----+--------+
         Total |   9412 |   8935 |    477 |   2869 |   4807 |   8 | 1176.5 |
       Dungeon |   9412 |   8935 |    477 |   2869 |   4807 |   8 | 1176.5 |
               +--------+--------+--------+--------+--------+-----+--------+

Top non-repeatable levels by time:
     D:3: 2101 daAuts
     D:6: 1712 daAuts
     D:7: 1374 daAuts
     D:2: 1363 daAuts
     D:1: 1038 daAuts
     D:5: 941 daAuts
     D:4: 741 daAuts
     D:8: 139 daAuts
